 Dungeon Crawl Stone Soup version 0.27-a0-789-g6bb3289e1e (webtiles) character file.

Game seed: 15236648940883701160

3180 robertstho the Archer (level 9, -2/79 HPs)
             Began as a Minotaur Hunter on Mar 26, 2021.
             Was a Follower of Okawaru.
             Shot with an arrow by a centaur (12 damage)
             ... on level 8 of the Dungeon.
             The game lasted 00:11:11 (9096 turns).

robertstho the Archer (Minotaur Hunter)             Turns: 9096, Time: 00:11:12

Health: -2/79      AC: 12    Str: 19    XL:     9   Next: 63%
Magic:  9/9        EV:  9    Int:  8    God:    Okawaru [*.....]
Gold:   179        SH:  0    Dex: 12    Spells: 8/8 levels left

rFire    . . .     SeeInvis +   a - +1 shortbow
rCold    . . .     Faith    .   (shield currently unavailable)
rNeg     . . .     Spirit   .   o - +0 chain mail
rPois    .         Reflect  .   (helmet restricted)
rElec    .         Harm     .   (no cloak)
rCorr    .         Rampage  .   n - +0 pair of gloves
Will     .....                  (no boots)
Stlth    ..........             (no amulet)
HPRegen  0.23/turn              k - ring of see invisible
MPRegen  0.11/turn              (no ring)

@: no status effects
A: horns 2, retaliatory headbutt
a: Renounce Religion, Heroism


You were on level 8 of the Dungeon.
You worshipped Okawaru.
Okawaru was aware of your devotion.
You visited 2 branches of the dungeon, and saw 9 of its levels.
You also visited: Sewer.

You collected 339 gold pieces.
You spent 160 gold pieces at shops.

Inventory:

Hand Weapons
 a - a +1 shortbow (weapon)
 b - a +1 morningstar of protection
 h - a +0 long sword
 j - a +2 dagger of speed
 p - a +2 short sword of holy wrath
Missiles
 d - 24 arrows (quivered ammo)
Armour
 n - a +0 pair of gloves (worn)
 o - a +0 chain mail (worn)
Jewellery
 k - a ring of see invisible (right hand)
 l - a +4 ring of evasion
Wands
 y - a wand of mindburst (26)
 z - a wand of paralysis (7)
 B - a wand of random effects (13)
Scrolls
 c - a scroll of immolation
 e - a scroll of fog {unknown}
 f - 2 scrolls of teleportation
 g - a scroll of summoning
 r - a scroll of vulnerability {unknown}
 u - 2 scrolls of amnesia {unknown}
 v - a scroll of holy word {unknown}
Potions
 i - a potion of brilliance
 m - 2 potions of mutation {unknown}
 q - 3 potions of flight
 s - 4 potions of curing {unknown}
 t - a potion of invisibility {unknown}
 w - 2 potions of cancellation {unknown}
 x - a potion of attraction {unknown}
 A - a potion of lignification {unknown}
 C - a potion of heal wounds
 D - a potion of berserk rage


   Skills:
 * Level 7.1 Fighting
 + Level 3.7(3.8) Short Blades
 + Level 1.2(2.8) Long Blades
 * Level 10.7 Bows
 * Level 7.6 Armour
 + Level 3.7 Dodging
 - Level 0.7 Stealth
 * Level 2.0 Invocations


You had 8 spell levels left.
You didn't know any spells.
Your spell library contained the following spells:

 Spells                   Type           Power      Damage    Failure   Level
 Summon Small Mammal      Summ           0%         N/A       98%         1
 Call Imp                 Summ           0%         N/A       99%         2
 Call Canine Familiar     Summ           0%         N/A       100%        3
 Summon Guardian Golem    Hex/Summ       0%         N/A       100%        3
 Summon Ice Beast         Ice/Summ       0%         N/A       100%        4
 Summon Lightning Spire   Summ/Air       0%         N/A       100%        4


Dungeon Overview and Level Annotations

Branches:
Dungeon (8/15)             Temple (1/1) D:7           Sewer (visited)
   Lair: D:8-11

Altars:
Ashenzari
Dithmenos
Elyvilon
Fedhas
Gozag
Hepliaklqana
Makhleb
Nemelex Xobeh
Okawaru
Qazlal
Ru
Sif Muna
Trog
Vehumet
Wu Jian
Xom
Yredelemnul
Zin
The Shining One

Shops:
D:4 *   D:7 *

Annotations:
D:8 Grum, Harold, Pikel


Innate Abilities, Weirdness & Mutations

You have a pair of horns on your head.
You reflexively headbutt those who attack you in melee.


Message History

The kobold brigand is moderately wounded.
The kobold brigand throws a poisoned dart.
The poisoned dart hits you!
You are poisoned.
Fire: 27 arrows
Press: ? - help, Q - select action, (/) - cycle Shift-Dir - straight line, f/p - kobold brigand
Aim: a kobold brigand, wielding a +0 whip and quivering poisoned darts (moderately wounded, 61% to hit)
You shoot an arrow.
The arrow hits the kobold brigand but does no damage.
The kobold brigand is moderately wounded.
You feel very sick.
Fire: 26 arrows
Press: ? - help, Q - select action, (/) - cycle Shift-Dir - straight line, f - you Really target yourself?
Okay, then.
Unknown command.
You start resting.
You feel sick. x2
A centaur comes into view.
A kobold comes into view. It is wielding a +0 dagger.
Fire: 26 arrows
Press: ? - help, Q - select action, (/) - cycle Shift-Dir - straight line, f - kobold
Aim: a kobold, wielding a +0 dagger (60% to hit)
You shoot an arrow. The arrow hits the kobold.
You kill the kobold!
Okawaru accepts your kill.
You feel sick.
The centaur wields a +0 shortbow.
The centaur shoots an arrow.
The arrow hits you!
* * * LOW HITPOINT WARNING * * *
Fire: 25 arrows
Press: ? - help, Q - select action, (/) - cycle Shift-Dir - straight line, f - centaur
Aim: a centaur, wielding a +0 shortbow and quivering arrows (76% to hit)
You shoot an arrow. The arrow barely misses the centaur.
You feel sick.
You are no longer poisoned.
The centaur shoots an arrow.
The arrow hits you!
* * * LOW HITPOINT WARNING * * *
The centaur shoots an arrow.
The arrow hits you.
* * * LOW HITPOINT WARNING * * *
The centaur shoots an arrow.
The arrow hits you!
You die...

## #.# .(.
#.# .$#
#.# ..(
#.# #.##.#
#.#.######
#K......#
#@# #...#
.##.# ..
.# K.. #
.... )..#.
#.c.#. #.
#.


You could see a kobold brigand, a centaur and a kobold.

Vanquished Creatures
  Prince Ribbit (D:7)
  An acid dragon (D:6)
  2 water moccasins (D:7)
  2 sky beasts
  An orc warrior (D:6)
  3 black bears
  3 necrophages
  An ogre (D:5)
  A wolf (D:8)
  2 centaurs (D:5)
  2 kobold brigands
  3 bullfrogs
  A wyvern zombie (D:7)
  2 scorpions (D:4)
  2 wyvern skeletons (D:7)
  3 centaur zombies
  2 orc priests
  A centaur skeleton (D:4)
  A gnoll shaman (D:5)
  4 hounds
  An iguana (D:6)
  5 bullfrog skeletons
  3 orc wizards
  2 killer bee zombies
  A hound skeleton (D:5)
  A howler monkey zombie (D:7)
  8 gnolls
  9 adders
  A shadow imp (D:8)
  2 white imps
  An ufetubus (D:5)
  An adder skeleton (D:4)
  4 worms
  2 dart slugs (D:1)
  15 orcs
  12 ball pythons
  8 endoplasms
  6 giant cockroaches
  12 goblins
  7 hobgoblins
  5 jackals
  5 quokkas
  4 bats
  2 frilled lizards
  23 kobolds
  10 rats
188 creatures vanquished.

Notes
Turn   | Place    | Note
-------+----------+-------------------------------------------
     0 | D:1      | robertstho the Minotaur Hunter began the quest for the Orb.
     0 | D:1      | Reached XP level 1. HP: 18/18 MP: 0/0
   433 | D:1      | Reached XP level 2. HP: 25/25 MP: 1/1
   506 | D:1      | Reached skill level 1 in Armour
   743 | D:1      | Reached skill level 5 in Bows
   894 | D:1      | Reached XP level 3. HP: 31/31 MP: 2/2
  1732 | D:2      | Reached skill level 1 in Short Blades
  1779 | D:2      | Found a shimmering blue altar of Sif Muna.
  1779 | D:2      | Found an ornate altar of the Wu Jian Council.
  1994 | D:2      | Reached XP level 4. HP: 37/38 MP: 3/3
  3099 | D:4      | Found Quacyf's Serpentskin Sales.
  3111 | D:4      | Reached XP level 5. HP: 42/45 MP: 4/4
  3165 | D:4      | Noticed a black bear
  3181 | D:4      | Killed a black bear
  3452 | D:4      | Reached XP level 6. HP: 49/52 MP: 5/5
  3729 | D:4      | Reached skill level 5 in Armour
  3729 | D:4      | Reached XP level 7. HP: 51/59 MP: 6/6
  3785 | D:4      | Found a blossoming altar of Fedhas.
  3841 | D:4      | Reached skill level 6 in Bows
  4605 | D:5      | Entered Level 5 of the Dungeon
  4652 | D:5      | Found a glowing drain.
  4666 | D:5      | Reached skill level 5 in Fighting
  4704 | Sewer    | Entered a sewer
  4891 | Sewer    | Found a white marble altar of Elyvilon.
  5093 | D:5      | Reached XP level 8. HP: 50/68 MP: 7/7
  5110 | D:5      | HP: 2/68 [orc priest/divine providence (15)]
  5127 | D:5      | Reached skill level 7 in Bows
  5553 | D:5      | Found a stormy altar of Qazlal.
  6269 | D:6      | Reached skill level 1 in Long Blades
  6269 | D:6      | Reached skill level 8 in Bows
  6407 | D:6      | Found a basalt altar of Yredelemnul.
  6609 | D:6      | Reached skill level 9 in Bows
  7269 | D:6      | Reached XP level 9. HP: 71/75 MP: 8/8
  7467 | D:7      | Found a staircase to the Ecumenical Temple.
  7492 | Temple   | Entered the Ecumenical Temple
  7737 | Temple   | Became a worshipper of Warmaster Okawaru
  7880 | D:7      | Found Ova Yxto's Assorted Antiques.
  7884 | D:7      | Bought 2 cyan potions for 43 gold pieces
  7884 | D:7      | Bought a fuming golden potion for 21 gold pieces
  7884 | D:7      | Bought a tapered iron wand for 96 gold pieces
  8115 | D:7      | Reached skill level 1 in Invocations
  8120 | D:7      | Reached skill level 10 in Bows
  8476 | D:7      | Noticed Prince Ribbit
  8487 | D:7      | Killed Prince Ribbit
  8487 | D:7      | Reached * piety under Okawaru
  9036 | D:8      | Noticed Harold
  9037 | D:8      | Noticed Grum
  9039 | D:8      | Noticed Pikel
  9096 | D:8      | Shot with an arrow by a centaur

Illustrated notes

Levels and vault maps discovered:
D:1:      dpeg_arrival_water_fire, layout_basic, kennysheep_small_spiral
D:2:      layout_loops_ring, amethyst_overflow_temple_binary,
          minmay_pentomino_u2
D:3:      layout_basic, wander_ebering_terrifying_dragon_lair
D:4:      cheibrodos_barr_body, layout_gridville, marbit_many_paths,
          minmay_fountain_box, guppyfry_shop_venom
D:5:      layout_loops_ring, nicolae_qazlal_general_emergency,
          portal_sewer_entry_a
D:6:      layout_basic, basic_altar
D:7:      layout_basic, minmay_temple_entry_statues_pillars, serial_shops, shop,
          uniq_prince_ribbit1
D:8:      layout_loops_ring, kennysheep_little_box, fedhas_altar_decomposition,
          uniq_pikel, uniq_psyche, uniq_grum, uniq_harold
Temple:   compressed_dpeg_circular_temple

Skill      XL: |  1  2  3  4  5  6  7  8  9 |
---------------+----------------------------+-----
Armour         | 1 2 3 5 6 7 |  7.6
Bows           | 5 6 9 10 | 10.7
Fighting       | 3 4 5 6 7 |  7.1
Short Blades   | 1 2 3 |  3.7
Dodging        | 3 |  3.7
Long Blades    | 1 |  1.2
Invocations    | 2 |  2.0
Stealth        | |  0.7

Action                   |  1- 3 |  4- 6 |  7- 9 || total
-------------------------+-------+-------+-------++-------
Melee: Short sword       |    41 |       |       ||    41
       Headbutt          |    16 |    28 |    10 ||    54
       Dagger            |    49 |   143 |    50 ||   242
       Long sword        |       |       |    10 ||    10
 Fire: Shortbow          |     5 |       |   379 ||   384
  Use: Scroll            |     5 |       |     9 ||    14
       Potion            |       |       |     5 ||     5
 Stab: Sleeping          |       |     1 |       ||     1
Armor: Leather armour    |    12 |       |       ||    12
       Ring mail         |       |    41 |       ||    41
       Chain mail        |       |    12 |   101 ||   113
Dodge: Dodged            |    47 |    59 |   108 ||   214

Table legend: (Time is in decaauts)
 A = Elapsed time spent in this place.
 B = Non-inter-level travel time spent in this place.
 C = Inter-level travel time spent in this place.
 D = Time resting spent in this place.
 E = Time spent auto-exploring this place.
 F = Levels seen in this place.
 G = Mean time per level.
                   A        B        C        D        E       F      G
               +--------+--------+--------+--------+--------+-----+--------+
         Total |   8991 |   8677 |    314 |   1105 |   6383 |  10 |  899.1 |
       Dungeon |   8463 |   8179 |    284 |    930 |   6120 |   8 | 1057.9 |
        Temple |    275 |    245 |     30 |    175 |     49 |   1 |  275.0 |
         Sewer |    253 |    253 |      0 |      0 |    213 |   1 |  253.0 |
               +--------+--------+--------+--------+--------+-----+--------+

Top non-repeatable levels by time:
     D:4: 1676 daAuts
     D:1: 1473 daAuts
     D:6: 1268 daAuts
     D:7: 1263 daAuts
     D:5: 1126 daAuts
     D:2: 918 daAuts
     D:3: 676 daAuts
  Temple: 275 daAuts
   Sewer: 253 daAuts
     D:8: 60 daAuts
